 Dungeon Crawl Stone Soup version 0.28.0-1-gb440e238dd (webtiles) character file.

Game seed: 12260561658785520764

55 fknight the Chopper (level 3, 0/33 HPs)
             Began as a Hill Orc Monk on Feb 27, 2022.
             Slain by a river rat (1 damage)
             ... in a sewer.
             The game lasted 00:04:37 (1932 turns).

fknight the Chopper (Hill Orc Monk)                 Turns: 1932, Time: 00:04:38

Health: 0/33       AC:  8    Str: 15    XL:     3   Next: 93%
Magic:  3/3        EV:  7    Int: 10    God:
Gold:   118        SH:  0    Dex: 13    Spells: 2/2 levels left

rFire   . . .      SeeInvis .   a - +0 hand axe
rCold   . . .      Faith    .   (no shield)
rNeg    . . .      Spirit   .   e - +0 chain mail
rPois   .          Reflect  .   (no helmet)
rElec   .          Harm     .   (no cloak)
rCorr   .          Rampage  .   (no gloves)
Will    .....                   (no boots)
Stlth   ..........              (no amulet)
HPRegen 0.11/turn               (no ring)
MPRegen 0.08/turn               (no ring)

@: very slow
A: no striking features
a: no special abilities


You were in a sewer.
You visited 1 branch of the dungeon, and saw 3 of its levels.
You also visited: Sewer.

You collected 118 gold pieces.

Inventory:

Hand Weapons
 a - a +0 hand axe (weapon)
 j - a +0 spear
Missiles
 c - 35 stones (quivered)
 h - 5 javelins
Armour
 b - a +0 robe
 e - a +0 chain mail (worn)
Scrolls
 f - 2 scrolls of teleportation {unknown}
 g - a scroll of enchant armour {unknown}
 i - a scroll of enchant weapon {unknown}
 m - a scroll of immolation {unknown}
 n - a scroll of amnesia {unknown}
 o - a scroll of acquirement {unknown}
Potions
 d - a potion of degeneration {unknown}
 k - 2 potions of mutation {unknown}
 l - 2 potions of curing {unknown}
 p - a potion of resistance {unknown}


   Skills:
 + Level 4.2 Fighting
 + Level 4.6 Axes
 + Level 2.8 Dodging
 + Level 2.2 Stealth


You had 2 spell levels left.
You didn't know any spells.
Your spell library contained the following spells:

 Spells                   Type           Power      Damage    Failure   Level
 Shock                    Conj/Air       0%         1d3       100%        1
 Swiftness                Air            0%         N/A       100%        3
 Airstrike                Air            0%         N/A       100%        4


Dungeon Overview and Level Annotations

Branches:
Dungeon (3/15)              Sewer (1/1)

Altars:


Message History

The adder hisses angrily.
A rat comes into view.
You enter the shallow water.
Moving in this stuff is going to be slow.
The river rat bites you. The adder bites you but does no damage.
The adder bites you but does no damage. x2
The adder barely misses you. The river rat bites you.
The adder bites you but does no damage. The adder bites you.
The river rat bites you. The adder bites you but does no damage.
Why would you want to do that? Why would you want to do that?
You closely miss the adder. You hit the river rat but do no damage.
The adder bites you but does no damage.
You closely miss the adder. You hit the river rat but do no damage.
The adder bites you.
The river rat bites you but does no damage.
The adder closely misses you.
You hit the adder.
The adder is heavily wounded.
You closely miss the rat. You hit the river rat. The adder barely misses you.
The rat bites you but does no damage. The river rat bites you.
Your unstable footing causes you to fumble your attack.
The adder bites you. The river rat bites you!
* * * LOW HITPOINT WARNING * * *
The rat bites you but does no damage. The adder bites you.
* * * LOW HITPOINT WARNING * * *
You completely miss the adder.
The adder is heavily wounded.
You hit the river rat but do no damage. You hit the rat.
You kill the rat!
The river rat bites you.
* * * LOW HITPOINT WARNING * * *
The adder bites you but does no damage.
You hit the rat.
You kill the rat!
You hit the river rat but do no damage. You hit the adder.
You kill the adder!
The river rat bites you.
You die...

#≈≈≈≈≈≈#
#≈≈≈≈≈≈#
#≈≈≈≈≈≈#
#≈≈≈≈≈≈#
#≈≈≈#≈≈#
#≈≈≈≈≈≈#
#≈≈≈≈.≈#
#≈≈≈≈≈≈#
#≈r@#≈≈#
#≈††≈≈≈#
#≈rr≈≈≈#
#≈≈≈≈≈≈#
#≈≈≈≈≈≈#
#≈≈≈≈≈≈#
##≈.≈≈.#
#......#
#...(..##


You could see a river rat and 2 rats.

Vanquished Creatures
  An adder (Sewer)
  3 dart slugs
  3 ball pythons
  2 endoplasms (D:1)
  3 giant cockroaches
  5 goblins
  6 hobgoblins
  3 jackals (D:1)
  4 kobolds
  5 bats
  A frilled lizard (D:2)
  10 rats
46 creatures vanquished.

Notes
Turn   | Place    | Note
-------+----------+-------------------------------------------
     0 | D:1      | fknight the Hill Orc Monk began the quest for the Orb.
     0 | D:1      | Reached XP level 1. HP: 19/19 MP: 1/1
    56 | D:1      | Reached XP level 2. HP: 8/27 MP: 2/2
  1056 | D:1      | Reached XP level 3. HP: 30/33 MP: 3/3
  1756 | D:3      | Found a glowing drain.
  1890 | Sewer    | Entered a sewer
  1931 | Sewer    | HP: 1/33 [river rat (3)]
  1932 | Sewer    | Slain by a river rat

Illustrated notes

Levels and vault maps discovered:
D:1:      dpeg_arrival_tiny_k, layout_rooms, minmay_misc_feat_ornament,
          roderic_lattice_a
D:2:      layout_rooms, minmay_misc_feat_cross, chequers_mini_garden
D:3:      layout_basic, portal_sewer_entry_a, ebering_ecumenical_altar_box,
          grunt_ministairs_11, uniq_natasha
Sewer:    sewer_minmay_w

Skill      XL: |  1  2 |
---------------+-------+-----
Fighting       | 4 |  4.2
Stealth        | 2 |  2.2
Axes           | |  4.6
Dodging        | |  2.8

Action                   || total
-------------------------++-------
Melee: Hand axe          ||   154
Throw: Stone             ||    61
Armor: Chain mail        ||   107
       Robe              ||     1
Dodge: Dodged            ||    61
